 Dungeon Crawl Stone Soup version 0.24-a0-447-ge8da9206dc (webtiles) character file.

Game seed: 17287625311722021982

14299 theanonym the Slicer (level 11, 0/86 HPs)
             Began as a Mummy Enchanter on June 26, 2019.
             Was a High Priest of Yredelemnul.
             Slain by Urug
             ... wielding a +0 war axe of chopping
              (12 damage)
             ... on level 11 of the Dungeon.
             The game lasted 00:27:51 (14394 turns).

theanonym the Slicer (Mummy Enchanter)             Turns: 14394, Time: 00:27:51

Health: 0/86       AC: 23    Str: 27    XL:     11   Next: 86%
Magic:  0/15       EV:  5    Int: 18    God:    Yredelemnul [*****.]
Gold:   438        SH: 10    Dex: 12    Spells: 14/15 levels left

rFire    x . .     SeeInvis .   a - +3 short sword (elec)
rCold    + . .     Gourm    .   x - +2 shield
rNeg     + + +     Faith    .   u - +0 plate armour (curse)
rPois    ∞         Spirit   +   s - +0 helmet of Plasticity {rPois Str+9 Int+3} (curse)
rElec    .         Reflect  .   j - +2 cloak
rCorr    .         Harm     .   g - +1 pair of gloves
MR       ++...                  p - +2 pair of boots
Stlth    ..........             d - amulet of guardian spirit
HPRegen  0.24/turn              y - ring of protection from magic
MPRegen  0.14/turn              l - +3 ring of strength

@: no status effects
A: no food or potions, fire vulnerability, cold resistance 1, negative energy
resistance 3, torment resistance, unbreathing
a: Recall Undead Slaves, Injury Mirror, Animate Dead, Drain Life, Enslave Soul,
Renounce Religion


Innate Abilities, Weirdness & Mutations

You do not eat or drink.
Your flesh is vulnerable to fire.
You are immune to poison.
Your flesh is cold resistant. (rC+)
You are immune to negative energy. (rN+++)
You are immune to unholy pain and torment.
You can survive without breathing.


   Skills:
 + Level 8.1 Fighting
 - Level 12.0 Short Blades
 + Level 6.7 Armour
 - Level 1.5 Dodging
 - Level 2.4 Stealth
 - Level 2.6 Spellcasting
 - Level 2.6 Hexes
 - Level 5.0 Invocations


You had 14 spell levels left.
You knew the following spells:

 Your Spells              Type           Power        Failure   Level  Hunger
a - Corona                Hex            ##.....      99%         1    N/A

Your spell library contained the following spells:

 Spells                   Type           Power        Failure   Level  Hunger
 Confusing Touch          Hex            ##....       99%         1    N/A
 Slow                     Hex            ##......     99%         2    N/A
 Animate Skeleton         Necr           N/A          100%        1    N/A
 Apportation              Tloc           #.....       100%        1    N/A
 Magic Dart               Conj           #...         100%        1    N/A
 Summon Small Mammal      Summ           #...         100%        1    N/A
 Blink                    Tloc           N/A          100%        2    N/A
 Call Imp                 Summ           #.......     100%        2    N/A
 Ensorcelled Hibernation  Hex/Ice        #.....       100%        2    N/A
 Confuse                  Hex            ##......     100%        3    N/A
 Conjure Flame            Conj/Fire      #.......     100%        3    N/A
 Dazzling Spray           Conj/Hex       #.....       100%        3    N/A
 Mephitic Cloud           Conj/Pois/Air  #.......     100%        3    N/A
 Tukima's Dance           Hex            ##......     100%        3    N/A

Skill      XL: |  1  2  3  4  5  6  7  8  9 10 11 |
---------------+----------------------------------+-----
Short Blades   | 1 2 3 4 5 6 8 11 12 | 12.0
Invocations    | 2 3 4 5 |  5.0
Fighting       | 4 8 |  8.1
Armour         | 3 6 |  6.7
Dodging        | |  1.5
Stealth        | |  2.4
Spellcasting   | |  2.6
Hexes          | |  2.6

Action                   |  1- 3 |  4- 6 |  7- 9 | 10-12 || total
-------------------------+-------+-------+-------+-------++-------
Melee: Dagger            |   145 |   281 |   269 |       ||   695
       Short sword       |       |   234 |   319 |   540 ||  1093
Throw: Dart              |       |     1 |     2 |       ||     3
       Throwing net      |       |       |     1 |       ||     1
Invok: Animate Remains   |       |    32 |       |       ||    32
       Recall Undead Sla |       |     1 |     1 |     3 ||     5
       Animate Dead      |       |     4 |    29 |    34 ||    67
Evoke: Wand              |       |     3 |     2 |    13 ||    18
  Use: Scroll            |       |    11 |     6 |       ||    17
 Stab: Sleeping          |     7 |     1 |       |       ||     8
       Distracted        |       |     1 |     1 |     1 ||     3
       Held in net/web   |       |       |     1 |       ||     1
Armor: Robe              |    40 |     3 |       |       ||    43
       Leather armour    |       |   129 |       |       ||   129
       Ring mail         |       |   148 |       |       ||   148
       Scale mail        |       |       |    42 |       ||    42
       Plate armour      |       |       |   180 |   294 ||   474
Dodge: Dodged            |   102 |   291 |    49 |    78 ||   520
Block: Large shield      |       |       |   144 |       ||   144
       Shield            |       |       |    89 |   217 ||   306

Inventory:

Hand Weapons
 a - a +3 short sword of electrocution (weapon)
 m - a +4 dagger of venom
Missiles
 e - 2 throwing nets
 h - 22 poisoned darts (quivered)
Armour
 g - a +1 pair of gloves (worn)
 j - a +2 cloak (worn)
 p - a +2 pair of boots (worn)
 s - the cursed +0 helmet of Plasticity (worn) {rPois Str+9 Int+3}

   It affects your strength (+9).
   It affects your intelligence (+3).
   It protects you from poison.
   It has a curse placed upon it.
 u - a cursed +0 plate armour (worn)
 x - a +2 shield (worn)
Jewellery
 d - an amulet of guardian spirit (around neck)
 l - a +3 ring of strength (right hand)
 y - a ring of protection from magic (left hand)
 E - an uncursed ring of see invisible
Wands
 i - a wand of iceblast (15)
 q - a wand of scattershot (6)
 v - a wand of acid (14)
 w - a wand of flame (23)
 z - a wand of enslavement (10)
Scrolls
 c - 3 scrolls of immolation
 f - 2 scrolls of fog
 n - 8 scrolls of remove curse
 o - 2 scrolls of amnesia
 r - a scroll of identify
 t - 3 scrolls of teleportation
 A - a scroll of fear
 B - a scroll of blinking
 C - a scroll of enchant weapon
 D - a scroll of brand weapon {unknown}


You were on level 11 of the Dungeon.
You worshipped Yredelemnul.
Yredelemnul was extremely pleased with you.
You were not hungry.

You visited 1 branch of the dungeon, and saw 12 of its levels.
You also visited: Sewer and Bailey.

You collected 613 gold pieces.
You spent 175 gold pieces at shops.

Dungeon Overview and Level Annotations

Branches:
Dungeon (12/15)            Temple (0/1) D:4            Lair (0/6) D:9
    Orc (0/2) D:9

Altars:
Okawaru
Qazlal
Trog
Vehumet
Xom
Yredelemnul

Shops:
D:4 }   D:7 }   D:8 (

Annotations:
D:2 exclusion: water moccasin
D:11 Urug

.....########....# #......Z..
.....# ##'### #......... ###'##
#.## #......... #..# #..##
##.####### ####'## ##..# #...#
......# ##.# ###.##### ......#
#######.##### #.......#
......####.....Z.....# #.Z.....#
......'.##....)o@....####Z......#
......#.##....Z.Z....#..'.......#
.()(..#.##...........#.##.......#
.((...#Z##.......(((.#.##.......'
..(...#.V........(((...##.......#
###(######........(..####.......#
#.Z.# #########(### ####'####
#####Z### #..(.# #..# ......Z.#
#.#### ##.#


You could see Urug, a friendly ugly thing zombie and 2 friendly centaur zombies.

Notes
Turn   | Place    | Note
-------+----------+-------------------------------------------
     0 | D:1      | theanonym the Mummy Enchanter began the quest for the Orb.
     0 | D:1      | Reached XP level 1. HP: 13/13 MP: 4/4
    80 | D:1      | Reached skill level 1 in Short Blades
    80 | D:1      | Reached XP level 2. HP: 13/19 MP: 2/5
   176 | D:1      | HP: 9/19 [bat (1)]
   183 | D:1      | Reached skill level 2 in Short Blades
   720 | D:1      | Reached XP level 3. HP: 19/24 MP: 2/7
  1180 | D:2      | HP: 12/24 [hound (3)]
  1185 | D:2      | HP: 6/24 [hound (3)]
  1189 | D:2      | Reached skill level 3 in Short Blades
  1189 | D:2      | Reached XP level 4. HP: 8/30 MP: 5/8
  1530 | D:2      | Found a basalt altar of Yredelemnul.
  1538 | D:2      | Became a worshipper of Yredelemnul the Dark
  2226 | D:3      | Found a glowing drain.
  2308 | Sewer    | Entered a sewer
  2330 | Sewer    | Reached * piety under Yredelemnul
  2455 | Sewer    | Reached skill level 4 in Short Blades
  2471 | Sewer    | Reached XP level 5. HP: 35/35 MP: 6/9
  2561 | Sewer    | Reached skill level 1 in Invocations
  2976 | Sewer    | Reached ** piety under Yredelemnul
  3213 | Sewer    | HP: 17/35 [kobold/+0 whip (3)]
  3787 | D:3      | Found a bloodstained altar of Trog.
  3787 | D:3      | Noticed a water moccasin
  3827 | D:3      | Found an iron altar of Okawaru.
  3836 | D:3      | HP: 17/35 [water moccasin (6)]
  3844 | D:3      | HP: 13/35 [water moccasin (3)]
  3860 | D:3      | HP: 13/35 [water moccasin (2)]
  3876 | D:3      | HP: 13/35 [bat (1)]
  3881 | D:3      | HP: 13/35 [bat (1)]
  3917 | D:3      | HP: 16/35 [water moccasin (1)]
  3935 | D:3      | HP: 17/35 [bat (1)]
  3940 | D:3      | HP: 10/35 [water moccasin (3)]
  3945 | D:3      | HP: 7/35 [water moccasin (4)]
  3956 | D:2      | HP: 3/35 [water moccasin (3)]
  4656 | D:3      | Reached skill level 2 in Invocations
  4656 | D:3      | Reached XP level 6. HP: 28/41 MP: 6/10
  4990 | D:4      | Got an encrusted helmet
  4991 | D:4      | Identified the cursed +0 helmet of Plasticity {rPois Str+9
                  | Int+3} (You found it on level 4 of the Dungeon)
  5057 | D:4      | Noticed Ijyb
  5058 | D:4      | Noticed Ijyb
  5058 | D:4      | Ijyb changed into Ijyb the leopard gecko
  5076 | D:4      | Killed Ijyb the leopard gecko
  5076 | D:4      | Reached *** piety under Yredelemnul
  5160 | D:4      | Reached skill level 5 in Short Blades
  5192 | D:4      | Reached skill level 3 in Invocations
  5275 | D:4      | Found a staircase to the Ecumenical Temple.
  5291 | D:4      | Found Lotifah's Gadget Boutique.
  5359 | D:4      | Reached XP level 7. HP: 33/46 MP: 7/11
  5361 | D:4      | Received a gift from Yredelemnul (a mummy)
  5690 | D:5      | Entered Level 5 of the Dungeon
  5938 | D:5      | Reached skill level 4 in Invocations
  6063 | D:5      | Found a stormy altar of Qazlal.
  6347 | D:5      | Reached skill level 6 in Short Blades
  6446 | D:5      | HP: 10/46 [orc warrior/+0 halberd (14)]
  6758 | D:6      | HP: 20/46 [orc wizard/magic dart (4)]
  6766 | D:6      | Reached XP level 8. HP: 23/52 MP: 4/12
  6779 | D:6      | Reached skill level 5 in Invocations
  7014 | D:6      | Noticed Pikel
  7024 | D:6      | Noticed Pikel
  7024 | D:6      | Pikel changed into Pikel the yak
  7037 | D:6      | Killed Pikel the yak
  7044 | D:6      | Reached skill level 7 in Short Blades
  7320 | D:6      | Reached skill level 8 in Short Blades
  7476 | D:6      | Found a radiant altar of Vehumet.
  8082 | D:7      | Reached **** piety under Yredelemnul
  8177 | D:7      | Reached XP level 9. HP: 57/57 MP: 13/13
  8389 | D:7      | Found Noischo's Gadget Emporium.
  8400 | D:7      | Reached skill level 9 in Short Blades
  8893 | D:8      | Found Sorghuneb's Antique Weapon Boutique.
  9289 | D:8      | Reached skill level 10 in Short Blades
  9454 | D:9      | Found a staircase to the Lair.
  9468 | D:9      | HP: 18/57 [orc priest/divine providence (11)]
  9474 | D:9      | HP: 10/57 [something/puff of flame (9)]
  9723 | D:9      | Received a gift from Yredelemnul (a wight)
  9967 | D:9      | Reached skill level 11 in Short Blades
  9970 | D:9      | Reached XP level 10. HP: 32/63 MP: 8/14
 10333 | D:9      | Received a gift from Yredelemnul (a wraith)
 10365 | D:9      | HP: 31/63 [orc warrior/+0 long sword (12)]
 10370 | D:9      | HP: 13/63 [orc priest/divine providence (7)]
 10371 | D:9      | HP: 6/63 [orc priest/divine providence (8)]
 10728 | D:9      | Found a staircase to the Orcish Mines.
 10928 | D:10     | Entered Level 10 of the Dungeon
 10928 | D:10     | Found a flagged portal.
 10950 | Bailey   | Entered a bailey
 10955 | Bailey   | Noticed an orc warlord
 11050 | Bailey   | Reached skill level 1 in Fighting
 11051 | Bailey   | Received a gift from Yredelemnul (3 flying skulls)
 11062 | Bailey   | Found a runed translucent gate.
 11062 | Bailey   | Found a runed translucent gate.
 11062 | Bailey   | Found a runed translucent gate.
 11083 | Bailey   | Noticed an orc knight
 11094 | Bailey   | Killed an orc knight
 11094 | Bailey   | Reached skill level 1 in Armour
 11125 | Bailey   | Killed an orc warlord
 11125 | Bailey   | Reached skill level 3 in Fighting
 11125 | Bailey   | Reached skill level 12 in Short Blades
 11125 | Bailey   | Reached skill level 2 in Armour
 11329 | Bailey   | Received a gift from Yredelemnul (a wraith)
 11414 | D:10     | Reached ***** piety under Yredelemnul
 11563 | D:10     | Reached skill level 3 in Armour
 11648 | D:10     | Found a shimmering altar of Xom.
 11712 | D:10     | Noticed a two-headed ogre
 11721 | D:10     | Killed a two-headed ogre
 11721 | D:10     | Reached skill level 4 in Fighting
 11770 | D:10     | Killed an unseen horror
 11770 | D:10     | Reached XP level 11. HP: 66/78 MP: 13/15
 11914 | D:10     | Received a gift from Yredelemnul (a wraith)
 12160 | D:10     | Reached skill level 4 in Armour
 12180 | D:10     | Noticed a two-headed ogre
 12187 | D:10     | Killed a two-headed ogre
 12187 | D:10     | Reached skill level 5 in Fighting
 12344 | D:10     | Noticed a two-headed ogre
 12354 | D:10     | HP: 35/80 [two-headed ogre/+0 giant spiked club (20)]
 12356 | D:10     | Killed a two-headed ogre
 12716 | D:11     | Killed an unseen horror
 12716 | D:11     | Reached skill level 6 in Fighting
 12864 | D:11     | Reached skill level 5 in Armour
 12938 | D:11     | Received a gift from Yredelemnul (a wight)
 13171 | D:11     | Reached skill level 7 in Fighting
 13300 | D:11     | Received a gift from Yredelemnul (a vampire)
 13376 | D:11     | Reached skill level 6 in Armour
 13737 | D:8      | Bought a runed scimitar for 175 gold pieces
 14117 | D:12     | Noticed a purple ugly thing
 14134 | D:11     | Killed a purple ugly thing
 14250 | D:11     | Reached skill level 8 in Fighting
 14371 | D:12     | Noticed Urug
 14385 | D:11     | HP: 42/86 [Urug/+0 war axe of chopping (11)]
 14390 | D:11     | HP: 29/86 [Urug/+0 war axe of chopping (9)]
 14392 | D:11     | HP: 12/86 [Urug/+0 war axe of chopping (4)]
 14394 | D:11     | Slain by Urug

Vanquished Creatures
  3 two-headed ogres (D:10)
  An unseen horror (D:11)
  A centaur zombie (D:11)
  7 trolls
  A spriggan (D:10)
  2 wyverns
  8 yaks
  2 wargs (D:9)
  2 hungry ghosts
  A water moccasin (D:10)
  A sky beast (D:9)
  9 orc warriors
  An ice beast (D:9)
  A slave (D:6)
  A black bear (D:8)
  3 phantoms
  8 centaurs
  4 ogres
  A big kobold (D:11)
  2 bullfrogs
  A wyvern zombie (D:9)
  A wyvern skeleton (D:8)
  5 scorpions
  4 killer bees
  2 wights (D:10)
  2 howler monkeys
  5 crimson imps
  2 bullfrog zombies
  3 hounds
  A quasit (D:8)
  12 orc priests
  2 bullfrog skeletons (D:5)
  4 jellies
  A centaur skeleton (D:6)
  10 worker ants
  2 iguanas
  10 orc wizards
  A hound zombie (D:11)
  A worker ant zombie (D:6)
  7 adders
  8 gnolls
  9 river rats
  4 shadow imps
  An adder skeleton (D:4)
  2 worms (D:4)
  3 dart slugs
  4 leopard geckos
  35 orcs
  5 ball pythons
  7 bats
  8 giant cockroaches
  10 goblins
  9 hobgoblins
  12 jackals
  30 kobolds
  6 quokkas
  2 frilled lizards
  A quokka skeleton (D:4)
  21 rats
312 creatures vanquished.

Vanquished Creatures (collateral kills)
  An orc warlord (Bailey)
  An unseen horror (D:10)
  An orc knight (Bailey)
  An ugly thing (D:11)
  A manticore (D:11)
  2 yaks (D:11)
  2 wargs (D:9)
  A water moccasin (D:10)
  A necrophage (D:11)
  An orc warrior (D:5)
  A sky beast (D:10)
  2 centaurs
  An ogre (D:7)
  A big kobold (D:8)
  A wight (D:10)
  2 howler monkeys
  2 jellies (D:7)
  An orc wizard (D:9)
  A bullfrog skeleton (D:4)
  A worker ant (D:3)
  A worker ant zombie (D:5)
  An adder (Sewer)
  A gnoll (D:3)
  A river rat (Sewer)
  A worm (D:4)
  13 orcs
  A ball python (Sewer)
  2 goblins (Bailey)
  2 hobgoblins (D:9)
  3 jackals (D:10)
  9 kobolds
  3 frilled lizards
  6 rats (Sewer)
69 creatures vanquished.

Vanquished Creatures (others)
  2 flying skulls (Bailey)
  An ice beast (D:6)
  A bullfrog (D:6)
  A wyvern zombie (D:11)
  A yak zombie (D:12)
  2 centaur zombies (D:11)
  An orc wizard (D:6)
  A big kobold zombie (D:11)
  A hound skeleton (D:6)
  2 worker ant zombies
  An adder (D:6)
  A scorpion zombie (D:10)
  An orc (D:6)
  A bat zombie (D:3)
  A giant cockroach (D:6)
  A quokka (D:6)
  A ball python zombie (Sewer)
  A giant cockroach zombie (D:7)
  A gnoll zombie (D:4)
  3 goblin zombies
  A hobgoblin zombie (Bailey)
  A kobold zombie (D:11)
  A leopard gecko zombie (D:5)
  6 orc zombies
  3 quokka zombies
  3 rat zombies
  2 river rat zombies (Sewer)
42 creatures vanquished.

Grand Total: 423 creatures vanquished

Table legend:
 A = Turns spent in this place as a percentage of turns spent in the entire game.
 B = Non-inter-level travel turns spent in this place as a percentage of non-inter-level travel turns spent in the entire game.
 C = Inter-level travel turns spent in this place as a percentage of turns spent in this place.
 D = Turns resting spent in this place as a percentage of non-inter-level travel turns spent in this place.
 E = Turns spent auto-exploring this place as a percentage of non-inter-level travel turns spent in this place.
 F = Non-inter-level travel turns spent in this place divided by the number of levels of this place that you've seen.
                   A       B       C       D       E      F
               +-------+-------+-------+-------+-------+----------------------
         Total | 100.0 | 100.0 |   5.6 |  34.2 |  41.0 | 970.5
       Dungeon |  88.1 |  87.4 |   6.4 |  33.5 |  43.2 | 989.2
         Sewer |   8.7 |   9.3 |   0.0 |  41.8 |  25.8 | 1259.0
        Bailey |   3.2 |   3.4 |   0.0 |  31.7 |  26.6 | 458.0
               +-------+-------+-------+-------+-------+----------------------
